 Dungeon Sprint DCSS version 0.30-a0-279-g4b46babb21 (webtiles) character file.

Game seed: 7415174054555359786

51 rocky1 the Insei (level 3, -7/34 HPs)
             Began as an Octopode Transmuter on Oct 17, 2022.
             Mangled by a water elemental (18 damage)
             ... in the Dungeon (Sprint III: "The Ten Rune Challenge").
             The game lasted 00:02:47 (865 turns).

rocky1 the Insei (Octopode Transmuter)               Turns: 865, Time: 00:02:49

Health: -7/34      AC:  2    Str:  9    XL:     3   Next: 83%
Magic:  4/7        EV: 20    Int: 17    God:
Gold:   19         SH:  0    Dex: 17    Spells: 2/8 levels left

rFire   . . .      SeeInvis .      - Unarmed
rCold   . . .      Faith    .    (shield currently unavailable)
rNeg    . . .      Spirit   .    (helmet currently unavailable)
rPois   x          Reflect  .    (no amulet)
rElec   .          Harm     .    (no ring)
rCorr   .          Rampage  .    (no ring)
Will    .....      NoTele   +    (no ring)
Stlth   ..........               (no ring)
HPRegen 0.25/turn                (no ring)
MPRegen 0.10/turn                (no ring)
                                 (no ring)
                                 (no ring)

@: berserking, spider-form (expiring), engulfed (cannot breathe), very quick
A: venomous fangs, almost no armour, (amphibious), 8 rings, tiny, (camouflage
1), (gelatinous body 1), (nimble swimmer 1), (tentacles)
a: End Transformation


You were in the Dungeon.
You were a venomous arachnid creature.
You visited 1 branch You collected 19 gold pieces.

Inventory:

Scrolls
 g - a scroll of blinking
 h - a scroll of poison
 k - 2 scrolls of torment
 m - a scroll of immolation
Potions
 a - a potion of lignification
 b - a potion of curing
 c - a potion of heal wounds
 d - a potion of haste
 e - 2 potions of magic
 l - 2 potions of flight {unknown}
 n - 5 potions of mutation


   Skills:
 + Level 1.0 Fighting
 + Level 3.2 Dodging
 + Level 6.0 Unarmed Combat
 + Level 3.4 Spellcasting
 + Level 3.2 Transmutations
 + Level 0.2 Poison Magic


You had 2 spell levels left.
You knew the following spells:

 Your Spells              Type           Power      Damage    Failure   Level
a - Beastly Appendage     Tmut           26%        N/A       14%         1
b - Wereblood             Tmut           13%        N/A       19%         2
c - Spider Form           Tmut/Pois      8%         N/A       45%         3

Your spell library contained the following spells:

 Spells                   Type           Power      Damage    Failure   Level
 Ice Form                 Ice/Tmut       8%         N/A       83%         4


Dungeon Overview and Level Annotations

Branches:
Dungeon (1/1)

Altars:


Innate Abilities, Weirdness & Mutations

You are a venomous arachnid creature.
You have poisonous fangs.
You are tiny and dextrous.
Your spellcasting is less reliable in this form.
Your armour is entirely melded.
You are incapable of wielding weapons or throwing items.
You cannot wear most types of armour.
((You are amphibious.))
You can wear up to eight rings at the same time.
((Your skin changes colour to match your surroundings (Stealth+).))
((Your rubbery body absorbs attacks. (AC +1, EV +1)))
((You are camouflaged when in or above water. (Stealth+)))
((You have tentacles for arms and can constrict up to eight enemies at once.))


Message History

Confirm with . or Enter, or press ? or * to list all spells.
The spell is extremely dangerous to miscast (24% risk of failure)!
Continue anyway?
Okay, then.
Casting: Spider Form (extremely dangerous; 24% risk of failure)
Confirm with . or Enter, or press ? or * to list all spells.
You don't know that spell.
Unknown command.
Casting: Spider Form (extremely dangerous; 24% risk of failure)
Confirm with . or Enter, or press ? or * to list all spells.
The spell is extremely dangerous to miscast (24% risk of failure)!
Continue anyway?
Uppercase [Y]es or [N]o only, please.
The spell is extremely dangerous to miscast (24% risk of failure)!
Continue anyway?
You turn into a venomous arachnid creature.
Unknown command.
You open the door.
A water elemental comes into view.
There is an open door to the Ecumenical Temple here.
A red film seems to cover your vision as you go berserk!
You feel yourself moving faster!
You feel mighty! The water elemental barely misses you.
You hit the water elemental.
The water elemental is moderately damaged.
The water elemental completely misses you.
You hit the water elemental.
The water elemental is moderately damaged.
You barely miss the water elemental.
The water elemental is moderately damaged.
The water elemental hits you!!
Ouch! That really hurt!
The water elemental engulfs you in water!
You barely miss the water elemental.
The water elemental is moderately damaged.
Your lungs strain for air!
You bite the water elemental!
The water elemental is severely damaged.
Your transformation is almost over.
Your lungs strain for air!
The water elemental hits you!!
Ouch! That really hurt!
You die...

▓▓▓▓▓▓▓▓▓▓ ▓▓▓
.#..'....♣♣♣ ♣.#
.#..#....♣.♣ ♣♣.#
'####....♣.♣ ♣..#
....#....~♣♣♣♣..###+#+##
....#...~~..♣♣..#.......
....#..~~~~♣.♣♣.sE⌠.....
###'#..~≈≈~~~♣..#...####
....#.~~≈~~~....#.⌠.#
...)#.~≈~~~.....#...#
....#.~~~..!....#+###
#####...........#
................#
▓▓▓▓▓▓▓▓▓▓▓▓▓▓▓▓▓


You could see a water elemental.

Vanquished Creatures
  Jessica (D)
  A human (D)
  A phantom (D)
  An endoplasm (D)
  2 rats (D)
6 creatures vanquished.

Notes
Turn   | Place    | Note
-------+----------+-------------------------------------------
     0 | D        | rocky1 the Octopode Transmuter began the quest for the Orb.
     0 | D        | Reached XP level 1. HP: 13/13 MP: 3/3
    35 | D        | Noticed Jessica
    40 | D        | Killed Jessica
    41 | D        | Reached skill level 5 in Unarmed Combat
    41 | D        | Reached XP level 2. HP: 18/18 MP: 3/6
    41 | D        | Reached XP level 3. HP: 23/23 MP: 3/7
   236 | D        | Learned a level 2 spell: Wereblood
   240 | D        | Learned a level 3 spell: Spider Form
   729 | D        | Reached skill level 6 in Unarmed Combat
   858 | D        | Noticed a water elemental
   865 | D        | Mangled by a water elemental

Illustrated notes

Levels and vault maps discovered:
D:        dungeon_sprint_mu [sprint_mu_entry_forest, sprint_mu_temple_rooms,
          sprint_mu_d1_horrors, sprint_mu_d2_genie, sprint_mu_d3_branching,
          sprint_mu_orc_legion, sprint_mu_elf_gauntlet, sprint_mu_hive_nellie,
          sprint_mu_lair_fedhas, sprint_mu_vaults_butterflies,
          sprint_mu_slime_circle, sprint_mu_swamp_cave, sprint_mu_shoals_archi,
          sprint_mu_blade_basic, sprint_mu_crypt_lich, sprint_mu_tomb_spiral,
          sprint_mu_vestibule_basic, sprint_mu_gehenna_hellfire,
          sprint_mu_dis_giant, sprint_mu_tartarus_statrot,
          sprint_mu_cocytus_islands, sprint_mu_zot1]

Skill      XL: |  1  2  3 |
---------------+----------+-----
Unarmed Combat | 5 6 |  6.0
Spellcasting   | 3 |  3.4
Dodging        | 3 |  3.2
Transmutations | 3 |  3.2
Fighting       | |  1.0
Poison Magic   | |  0.2

Action                   || total
-------------------------++-------
Melee: Unarmed           ||    28
       Constrict         ||     3
       Tentacles         ||     3
       Kick              ||     2
       Punch             ||     1
 Cast: Beastly Appendage ||     4
       Spider Form       ||     2
  Use: Scroll            ||     4
       Potion            ||     1
Armor: Skin              ||     1
Dodge: Dodged            ||    15

Table legend: (Time is in decaauts)
 A = Elapsed time spent in this place.
 B = Non-inter-level travel time spent in this place.
 C = Inter-level travel time spent in this place.
 D = Time resting spent in this place.
 E = Time spent auto-exploring this place.
 F = Levels seen in this place.
 G = Mean time per level.
                   A        B        C        D        E       F      G
               +--------+--------+--------+--------+--------+-----+--------+
         Total |    861 |    861 |      0 |    704 |     25 |   1 |  861.0 |
       Dungeon |    861 |    861 |      0 |    704 |     25 |   1 |  861.0 |
               +--------+--------+--------+--------+--------+-----+--------+

Top non-repeatable levels by time:
       D: 861 daAuts
